SL
GREENVILLE 84S @ ATHLETIC CLUB KC
08/16/2029
 
TOP OF THE 1ST
Greenville 84s batting - Pitching for Athletic Club KC : RHP Juan Torres
Pitching: RHP Juan Torres
Batting: RHB Pablo Marrero 0-0: Foul Ball, location: 2F
0-1: Ball
1-1: Ball
2-1: SINGLE (Groundball, 6D)
Batting: SHB Jorge Barrios 0-0: Ball
1-0: Called Strike
1-1: Ball
2-1: Ball
3-1: Foul Ball, location: 2F
3-2: Base on Balls
Pablo Marrero to second
Batting: RHB Jonathan Cook 0-0: Ball
1-0: SINGLE (Flyball, 89M)
Pablo Marrero to third
Jorge Barrios to second
Runner from 3rd tries for Home, SAFE, no throw
Batting: LHB Herman Hayes 0-0: Foul Ball, location: 2F
0-1: Fly out, F8 (Flyball, 8LM)
Batting: RHB Juan García 0-0: Ball
1-0: Foul Ball, location: 2F
1-1: Called Strike
Jorge Barrios steals 3rd base
Jonathan Cook to second
1-2: Ball
2-2: Ball
3-2: Foul Ball, location: 2F
3-2: Fly out, F5 (Popup, 5L)
Batting: LHB Christian Blair 0-0: Ball
1-0: Ball
2-0: Foul Ball, location: 2F
2-1: Foul Ball, location: 2F
2-2: Foul Ball, location: 2F
2-2: Fly out, F9 (Flyball, 9LSF)
Top of the 1st over - 1 run, 2 hits, 0 errors, 2 left on base; Greenville 1 - Athletic Club KC 0
BOTTOM OF THE 1ST
Athletic Club KC batting - Pitching for Greenville 84s : LHP Hermenegildo Beliago
Pitching: LHP Hermenegildo Beliago
Batting: RHB Pil-joong Pak 0-0: Ball
1-0: Ball
2-0: Ball
3-0: Called Strike
3-1: SINGLE (Groundball, 6D)
Batting: RHB Dong-min Cho 0-0: Ball
1-0: Called Strike
1-1: Ball
2-1: Ball
3-1: Called Strike
3-2: Fly out, F9 (Flyball, 9LM)
Batting: RHB David Edwards 0-0: Foul Ball, location: 2F
0-1: SINGLE (Groundball, 5D)
Pil-joong Pak to second
Batting: SHB Pedro Vázquez 0-0: Ball
1-0: Foul Ball, location: 2F
1-1: Foul Ball, location: 2F
1-2: Strikes out swinging
Batting: LHB Matt Herman 0-0: Ball
1-0: Fielders Choice at 2nd, 5-4 (Groundball, 56)
Bottom of the 1st over - 0 runs, 2 hits, 0 errors, 2 left on base; Greenville 1 - Athletic Club KC 0
TOP OF THE 2ND
Greenville 84s batting - Pitching for Athletic Club KC : RHP Juan Torres
Batting: RHB Rodrigo Lugo 0-0: Called Strike
0-1: Ball
1-1: Foul Ball, location: 2F
1-2: Ball
2-2: Foul Ball, location: 2F
2-2: SINGLE (Flyball, 8RS)
Batting: SHB Francisco Reyes 0-0: Ball
1-0: Called Strike
1-1: Ball
2-1: Ball
3-1: Foul Ball, location: 2F
3-2: Strikes out swinging
Batting: RHB Thom Beach 0-0: Ball
1-0: Ball
2-0: Called Strike
2-1: Ball
3-1: Fly out, F8 (Flyball, 8LS)
Batting: RHB Pablo Marrero Pickoff Throw to First - Out!
Top of the 2nd over - 0 runs, 1 hit, 0 errors, 0 left on base; Greenville 1 - Athletic Club KC 0
BOTTOM OF THE 2ND
Athletic Club KC batting - Pitching for Greenville 84s : LHP Hermenegildo Beliago
Batting: RHB Richard Younger 0-0: Called Strike
0-1: Foul Ball, location: 2F
0-2: Ball
1-2: Ball
2-2: Ground out 6-3 (Groundball, 6S)
Batting: RHB Jesús Vargas 0-0: Ball
1-0: Swinging Strike
1-1: Swinging Strike
1-2: Ground out 5-3 (Groundball, 5L)
Batting: SHB Eric Moore 0-0: Foul Ball, location: 2F
0-1: Called Strike
0-2: Foul Ball, location: 2F
0-2: Ball
1-2: Strikes out swinging
Bottom of the 2nd over - 0 runs, 0 hits, 0 errors, 0 left on base; Greenville 1 - Athletic Club KC 0
TOP OF THE 3RD
Greenville 84s batting - Pitching for Athletic Club KC : RHP Juan Torres
Batting: RHB Pablo Marrero 0-0: Ball
1-0: Ground out 6-3 (Groundball, 6)
Batting: SHB Jorge Barrios 0-0: Ball
1-0: SINGLE (Groundball, 23) (infield hit)
Batting: RHB Jonathan Cook 0-0: Called Strike
0-1: Swinging Strike
0-2: Ball
1-2: Ball
2-2: Ball
3-2: Foul Ball, location: 2F
3-2: Fly out, F7 (Flyball, 78S)
Batting: LHB Herman Hayes 0-0: Swinging Strike
0-1: Ball
1-1: Called Strike
1-2: Ball
2-2: Strikes out looking
Top of the 3rd over - 0 runs, 1 hit, 0 errors, 1 left on base; Greenville 1 - Athletic Club KC 0
BOTTOM OF THE 3RD
Athletic Club KC batting - Pitching for Greenville 84s : LHP Hermenegildo Beliago
Batting: LHB Manuel Domínguez 0-0: Called Strike
0-1: Ground out 4-3 (Groundball, 4)
Batting: RHB Pil-joong Pak 0-0: Ball
1-0: Ball
2-0: Ball
3-0: Base on Balls
Batting: RHB Dong-min Cho 0-0: Ball
Pil-joong Pak is caught stealing 2nd base
1-0: Swinging Strike
1-1: Called Strike
1-2: Ball
2-2: SINGLE (Groundball, 6M) (infield hit)
Batting: RHB David Edwards 0-0: Ball
1-0: Foul Ball, location: 2F
1-1: Ball
2-1: Ball
3-1: Called Strike
3-2: Ground out 5-3 (Groundball, 56)
Bottom of the 3rd over - 0 runs, 1 hit, 0 errors, 1 left on base; Greenville 1 - Athletic Club KC 0
TOP OF THE 4TH
Greenville 84s batting - Pitching for Athletic Club KC : RHP Juan Torres
Batting: RHB Juan García 0-0: Ball
1-0: SINGLE (Groundball, 4MD)
Batting: LHB Christian Blair 0-0: Foul Ball, location: 2F
0-1: Called Strike
0-2: Ball
1-2: Foul Ball, location: 2F
1-2: Ball
2-2: Fly out, F9 (Flyball, 9S)
Batting: RHB Rodrigo Lugo 0-0: Ball
1-0: Called Strike
1-1: Called Strike
1-2: Strikes out swinging
Batting: SHB Francisco Reyes 0-0: Called Strike
0-1: Fly out, F7 (Flyball, 78D)
Top of the 4th over - 0 runs, 1 hit, 0 errors, 1 left on base; Greenville 1 - Athletic Club KC 0
BOTTOM OF THE 4TH
Athletic Club KC batting - Pitching for Greenville 84s : LHP Hermenegildo Beliago
Batting: SHB Pedro Vázquez 0-0: Foul Ball, location: 2F
0-1: Called Strike
0-2: Ground out 6-3 (Groundball, 6)
Batting: LHB Matt Herman 0-0: Fly out, F6 (Popup, 6)
Batting: RHB Richard Younger 0-0: Ball
1-0: Ball
2-0: SOLO HOME RUN (Flyball, 7LD), Distance : 362 ft
Batting: RHB Jesús Vargas 0-0: Ground out 6-3 (Groundball, 6)
Bottom of the 4th over - 1 run, 1 hit, 0 errors, 0 left on base; Greenville 1 - Athletic Club KC 1
TOP OF THE 5TH
Greenville 84s batting - Pitching for Athletic Club KC : RHP Juan Torres
Batting: RHB Thom Beach 0-0: Called Strike
0-1: Foul Ball, location: 2F
0-2: SINGLE (Groundball, 34D)
Batting: RHB Pablo Marrero 0-0: Called Strike
0-1: Ground out 5-3 (Groundball, 56S)
Thom Beach to second
Batting: SHB Jorge Barrios 0-0: Ball
1-0: Foul Ball, location: 2F
1-1: Foul Ball, location: 2F
1-2: Ball
2-2: 2-RUN HOME RUN (Flyball, 9LD), Distance : 362 ft
Batting: RHB Jonathan Cook 0-0: SINGLE (Groundball, 56D)
Batting: LHB Herman Hayes 0-0: Foul Ball, location: 2F
0-1: Ball
1-1: Foul Ball, location: 2F
1-2: Strikes out swinging
Batting: RHB Juan García 0-0: Ball
1-0: Ball
2-0: Ball
3-0: Called Strike
3-1: Foul Ball, location: 2F
3-2: Foul Ball, location: 2F
3-2: Foul Ball, location: 2F
3-2: SINGLE (Groundball, 6MD)
Jonathan Cook to second
Jonathan Cook to third
Batting: LHB Christian Blair 0-0: Swinging Strike
0-1: Swinging Strike
0-2: Ball
1-2: Ball
2-2: Ground out U3 (Groundball, 3)
Top of the 5th over - 2 runs, 4 hits, 0 errors, 2 left on base; Greenville 3 - Athletic Club KC 1
BOTTOM OF THE 5TH
Athletic Club KC batting - Pitching for Greenville 84s : LHP Hermenegildo Beliago
Batting: SHB Eric Moore 0-0: Ground out 6-3 (Groundball, 6M)
Batting: LHB Manuel Domínguez 0-0: Foul Ball, location: 2F
0-1: Ball
1-1: Swinging Strike
1-2: Ball
2-2: Ball
3-2: Base on Balls
Batting: RHB Pil-joong Pak 0-0: Ball
1-0: Swinging Strike
1-1: Swinging Strike
1-2: Strikes out looking
Batting: RHB Dong-min Cho 0-0: Called Strike
Manuel Domínguez steals 2nd base
0-1: Swinging Strike
0-2: Ball
1-2: Strikes out swinging
Bottom of the 5th over - 0 runs, 0 hits, 0 errors, 1 left on base; Greenville 3 - Athletic Club KC 1
TOP OF THE 6TH
Greenville 84s batting - Pitching for Athletic Club KC : RHP Juan Torres
Batting: RHB Rodrigo Lugo 0-0: Bunt missed!
0-1: Ground out 6-3 (Groundball, 56D)
Batting: SHB Francisco Reyes 0-0: Called Strike
0-1: Called Strike
0-2: Ball
1-2: Ball
2-2: Foul Ball, location: 2F
2-2: Ball
3-2: Strikes out looking
Batting: RHB Thom Beach 0-0: Ball
1-0: Ball
2-0: Ground out 6-3 (Groundball, 6)
Top of the 6th over - 0 runs, 0 hits, 0 errors, 0 left on base; Greenville 3 - Athletic Club KC 1
BOTTOM OF THE 6TH
Athletic Club KC batting - Pitching for Greenville 84s : LHP Hermenegildo Beliago
Batting: RHB David Edwards 0-0: Called Strike
0-1: Ball
1-1: Foul Ball, location: 2F
1-2: Foul Ball, location: 2F
1-2: Foul Ball, location: 2F
1-2: Foul Ball, location: 2F
1-2: SINGLE (Groundball, 34D)
Batting: SHB Pedro Vázquez 0-0: Ball
1-0: Fielders Choice at 2nd, 6-4 (Groundball, 6)
Batting: LHB Matt Herman 0-0: Ball
Pedro Vázquez steals 2nd base
1-0: Ground out 5-3 (Groundball, 56)
Batting: RHB Richard Younger 0-0: Called Strike
0-1: Ground out 3-1 (Groundball, 34)
Bottom of the 6th over - 0 runs, 1 hit, 0 errors, 1 left on base; Greenville 3 - Athletic Club KC 1
TOP OF THE 7TH
Greenville 84s batting - Pitching for Athletic Club KC : RHP Juan Torres
Pitching: LHP Phil Hanson
Batting: RHB Pablo Marrero 0-0: Ball
1-0: Called Strike
1-1: Foul Ball, location: 2F
1-2: Ball
2-2: DOUBLE (Groundball, 5L)
Batting: SHB Jorge Barrios 0-0: Ball
1-0: Ball
2-0: Ball
3-0: Called Strike
3-1: Foul Ball, location: 2F
3-2: Base on Balls
Batting: RHB Jonathan Cook 0-0: Ball
1-0: Swinging Strike
1-1: Called Strike
Pablo Marrero steals 3rd base
Jorge Barrios to second
1-2: Strikes out swinging
Batting: LHB Herman Hayes 0-0: Ball
1-0: Ball
2-0: Foul Ball, location: 2F
2-1: Foul Ball, location: 2F
2-2: Ball
3-2: Ground out U3 (Groundball, 34S)
Batting: RHB Juan García 0-0: Called Strike
0-1: Ball
1-1: Ball
2-1: Called Strike
2-2: Foul Ball, location: 2F
2-2: Strikes out swinging
Top of the 7th over - 0 runs, 1 hit, 0 errors, 2 left on base; Greenville 3 - Athletic Club KC 1
BOTTOM OF THE 7TH
Athletic Club KC batting - Pitching for Greenville 84s : LHP Hermenegildo Beliago
Batting: RHB Jesús Vargas 0-0: Foul Ball, location: 2F
0-1: Ball
1-1: Called Strike
1-2: Strikes out swinging
Pitching: LHP José Rico
Batting: SHB Eric Moore 0-0: Ball
1-0: Foul Ball, location: 2F
1-1: Foul Ball, location: 2F
1-2: Ball
2-2: Ball
3-2: Ground out 3-1 (Groundball, 34)
Batting: LHB Manuel Domínguez 0-0: Called Strike
0-1: Ball
1-1: Ball
2-1: SINGLE (Line Drive, 6MD)
Batting: RHB Pil-joong Pak 0-0: Ball
Manuel Domínguez is caught stealing 2nd base
Bottom of the 7th over - 0 runs, 1 hit, 0 errors, 0 left on base; Greenville 3 - Athletic Club KC 1
TOP OF THE 8TH
Greenville 84s batting - Pitching for Athletic Club KC : LHP Phil Hanson
Pitching: RHP Hi-sang Pak
Batting: LHB Christian Blair 0-0: Called Strike
0-1: Foul Ball, location: 2F
0-2: Ball
1-2: Fly out, F9 (Line Drive, 89M)
Batting: RHB Rodrigo Lugo 0-0: Ground out 5-3 (Groundball, 5L)
Batting: SHB Francisco Reyes 0-0: Ball
1-0: DOUBLE (Line Drive, 9LM)
Batting: RHB Thom Beach 0-0: Ball
1-0: Called Strike
1-1: Ball
2-1: Ground out 5-3 (Groundball, 5)
Top of the 8th over - 0 runs, 1 hit, 0 errors, 1 left on base; Greenville 3 - Athletic Club KC 1
BOTTOM OF THE 8TH
Athletic Club KC batting - Pitching for Greenville 84s : LHP José Rico
Batting: RHB Pil-joong Pak 0-0: Ball
1-0: Foul Ball, location: 2F
1-1: Foul Ball, location: 2F
1-2: Ball
2-2: Ball
3-2: Base on Balls
Batting: RHB Dong-min Cho 0-0: Ball
1-0: Ball
2-0: SINGLE (Groundball, 56D)
Pil-joong Pak to second
Pitching: RHP Esteban González
Batting: RHB David Edwards 0-0: Ball
1-0: Fly out, F7 (Flyball, 78S)
Batting: SHB Pedro Vázquez 0-0: Fly out, F9 (Flyball, 9S)
Batting: LHB Matt Herman 0-0: Swinging Strike
0-1: Ball
1-1: Foul Ball, location: 2F
1-2: Fly out, F9 (Flyball, 9D)
Bottom of the 8th over - 0 runs, 1 hit, 0 errors, 2 left on base; Greenville 3 - Athletic Club KC 1
TOP OF THE 9TH
Greenville 84s batting - Pitching for Athletic Club KC : RHP Hi-sang Pak
Batting: RHB Pablo Marrero 0-0: SINGLE (Line Drive, 8LS)
Batting: SHB Jorge Barrios 0-0: Ball
1-0: Bunted foul
1-1: Ball
2-1: Sac Bunt - play at first, batter OUT! 5-4
Pablo Marrero to second
Batting: RHB Jonathan Cook 0-0: Ball
Pablo Marrero steals 3rd base
1-0: Ball
2-0: Ball
3-0: Called Strike
3-1: Called Strike
3-2: Fly out, F9 (Flyball, 9LM)
Runner from 3rd tags up, SCORES, throw made
Batting: LHB Herman Hayes 0-0: Ball
1-0: Ball
2-0: Called Strike
2-1: Ball
3-1: Base on Balls
Batting: RHB Juan García 0-0: Ball
1-0: Called Strike
1-1: Fly out, F5 (Flyball, 5D)
Top of the 9th over - 1 run, 1 hit, 0 errors, 1 left on base; Greenville 4 - Athletic Club KC 1
BOTTOM OF THE 9TH
Athletic Club KC batting - Pitching for Greenville 84s : RHP Esteban González
Batting: RHB Richard Younger 0-0: Called Strike
0-1: Called Strike
0-2: Foul Ball, location: 2F
0-2: Strikes out swinging
Batting: RHB Jesús Vargas 0-0: Called Strike
0-1: Ground out 6-3 (Groundball, 6S)
Batting: SHB Eric Moore 0-0: Ground out 6-3 (Groundball, 6S)
Bottom of the 9th over - 0 runs, 0 hits, 0 errors, 0 left on base; Greenville 4 - Athletic Club KC 1
Tuesday, December 19th, 2017 - OOTP Baseball 18.8 Build 76